 Dungeon Crawl Stone Soup version 0.20.1-1-g8b1a95d (webtiles) character file.

3911 GTPhil the Cleaver (level 10, 0/94 HPs)
             Began as a Hill Orc Monk on July 23, 2017.
             Was an Elder of Zin.
             Slain by a hornet (9 damage)
             ... on level 8 of the Dungeon.
             The game lasted 00:15:01 (8383 turns).

GTPhil the Cleaver (Hill Orc Monk)                  Turns: 8383, Time: 00:15:01

Health: 0/94       AC:  9    Str: 18    XL:     10   Next: 20%
Magic:  13/13      EV: 11    Int: 10    God:    Zin [****..]
Gold:   292        SH:  0    Dex: 13    Spells: 9/9 levels left

rFire    . . .     SeeInvis .   m - +2 hand axe (freeze)
rCold    . . .     Gourm    .   (no shield)
rNeg     + . .     Faith    .   G - +2 ring mail {rN+}
rPois    .         Spirit   .   (no helmet)
rElec    .         Reflect  .   (no cloak)
rCorr    .         Harm     .   E - +0 pair of gloves
MR       .....                  F - +0 pair of boots
Stlth    +.........             (no amulet)
Regen    0.3/turn               (no ring)
MPRegen  0.2/turn               (no ring)

@: lethally poisoned (0 -> -38), slowed, invisible, very slow
A: no striking features
a: Recite, Vitalisation, Imprison, Donate Gold, Renounce Religion


You were on level 8 of the Dungeon.
You worshipped Zin.
Zin was greatly pleased with you.
You were not hungry.

You visited 1 branch of the dungeon, and saw 8 of its levels.

You collected 324 gold pieces.
You donated 32 gold pieces to Zin.

Inventory:

Hand Weapons
 a - a +0 hand axe
 m - a +2 hand axe of freezing (weapon)
Armour
 b - a +0 robe
 j - a +0 scale mail
 E - a +0 pair of gloves (worn)
 F - a +0 pair of boots (worn)
 G - a +2 ring mail of positive energy (worn)
Jewellery
 H - an uncursed amulet of faith {unknown}
Scrolls
 d - 2 scrolls of noise {unknown}
 f - 4 scrolls of identify
 g - a scroll of blinking {unknown}
 h - a scroll of acquirement {unknown}
 k - a scroll of fear {unknown}
 n - 4 scrolls of teleportation
 p - 2 scrolls of fog {unknown}
 u - 2 scrolls of magic mapping {unknown}
 v - a scroll of immolation {unknown}
 w - 5 scrolls of remove curse {unknown}
 y - 2 scrolls of recharging {unknown}
 C - a scroll of enchant armour {unknown}
 I - a scroll of amnesia {unknown}
Potions
 e - a potion of invisibility
 i - 2 potions of agility
 l - a potion of ambrosia {unknown}
 q - a potion of haste {unknown}
 r - 3 potions of degeneration {unknown}
 s - a potion of brilliance {unknown}
 x - a potion of mutation {unknown}
 z - 2 potions of resistance {unknown}
 A - a potion of cancellation {unknown}
 B - 2 potions of flight {unknown}
 D - a potion of magic {unknown}
Books
 J - a book of Geomancy

   Spells                             Type                      Level
   a - Sandblast                      Earth                        1
   b - Passwall                       Transmutation/Earth          2
   c - Stone Arrow                    Conjuration/Earth            3
   d - Petrify                        Transmutation/Earth          4
   e - Lee's Rapid Deconstruction     Earth                        5
Comestibles
 c - 8 bread rations
 o - 5 fruits
 t - 3 royal jellies
 K - 2 chunks of flesh


   Skills:
 + Level 10.8 Fighting
 - Level 13.8 Axes
 - Level 2.6 Dodging
 - Level 1.8 Stealth
 + Level 5.1 Invocations


You had 9 spell levels left.
You didn't know any spells.

Dungeon Overview and Level Annotations

Branches:
Dungeon (8/15)             Temple (0/1) D:5
   Lair: D:8-11

Altars:
Ashenzari
Elyvilon
Fedhas
Gozag
Hepliaklqana
Makhleb
Nemelex Xobeh
Okawaru
Ru
Sif Muna
Trog
Yredelemnul
Zin

Annotations:
D:4 xash's ghost, novice GrFi


Message History

You kill the hornet!
Your Invocations skill increases to level 5!
* * * LOW HITPOINT WARNING * * *
You feel sick.
The hornet stings you but does no damage.
A hornet comes into view.
You barely miss the hornet.
* * * LOW HITPOINT WARNING * * *
You feel very sick. The hornet stings you.
* * * LOW HITPOINT WARNING * * *
You are more poisoned.
You feel as though you will be slow longer.
Quiver which item? (- for none, * to show all) (? for menu, Esc to quit)
Okay, then.
You fade into invisibility!
* * * LOW HITPOINT WARNING * * *
You feel very sick. The hornet barely misses you. The hornet stings you!
You die...

### #.#### ##.##@#
#....#y# #..##.#a#
####..# #.#.######
#.....#######....# ######
#........>.......+ ......
#................# ######
#########.####...####....
#######...........'....


You could see a soldier ant and a hornet.

Vanquished Creatures
  A hornet (D:8)
  Sigmund (D:6)
  A wyvern (D:6)
  Edmund (D:4)
  An orc warrior (D:8)
  4 sky beasts
  Purgy (D:4)
  A black bear (D:7)
  6 ogres
  4 centaurs
  6 bullfrogs
  3 scorpions
  4 wights (D:7)
  2 howler monkeys
  2 jellies
  A bullfrog zombie (D:6)
  6 crimson imps
  4 orc priests
  6 orc wizards
  A hound (D:5)
  A centaur skeleton (D:7)
  5 worker ants
  An iguana (D:5)
  A killer bee zombie (D:6)
  11 adders
  6 river rats (D:6)
  A shadow imp (D:7)
  2 oozes
  An adder zombie (D:5)
  2 worms
  8 leopard geckos
  23 orcs
  4 bats
  9 giant cockroaches
  A goblin (D:1)
  6 hobgoblins
  10 jackals
  3 kobolds
  9 quokkas
  6 frilled lizards
  15 rats
181 creatures vanquished.

Notes
Turn   | Place    | Note
-------+----------+-------------------------------------------
     0 | D:1      | GTPhil the Hill Orc Monk began the quest for the Orb.
     0 | D:1      | Reached XP level 1. HP: 19/19 MP: 1/1
   574 | D:1      | Reached XP level 2. HP: 19/27 MP: 2/2
  1126 | D:2      | Found a glowing silver altar of Zin.
  1166 | D:2      | Reached XP level 3. HP: 31/33 MP: 3/3
  1253 | D:2      | Became a worshipper of Zin the Law-Giver
  1253 | D:2      | Reached * piety under Zin
  1253 | D:2      | Reached ** piety under Zin
  1404 | D:2      | Found a deep blue altar of Sif Muna.
  1537 | D:2      | Reached skill level 5 in Axes
  1585 | D:2      | Reached XP level 4. HP: 38/40 MP: 4/4
  1839 | D:3      | Reached skill level 6 in Axes
  1839 | D:3      | Reached XP level 5. HP: 30/47 MP: 5/5
  1982 | D:3      | Found a white marble altar of Elyvilon.
  1985 | D:3      | Found a sparkling altar of Nemelex Xobeh.
  2100 | D:3      | Reached skill level 5 in Fighting
  2118 | D:3      | Found a shattered altar of Ashenzari.
  2181 | D:3      | Found a burning altar of Makhleb.
  2182 | D:3      | Found a hazy altar of Hepliaklqana.
  2182 | D:3      | Found an opulent altar of Gozag.
  2706 | D:4      | Noticed xash's ghost (novice GrFi)
  2721 | D:4      | HP: 2/48 [xash's ghost (1)]
  2751 | D:4      | Noticed an ogre
  2754 | D:4      | Found a basalt altar of Yredelemnul.
  2763 | D:5      | Entered Level 5 of the Dungeon
  3020 | D:5      | Reached skill level 7 in Axes
  3020 | D:5      | Reached XP level 6. HP: 46/56 MP: 6/6
  3053 | D:5      | Reached *** piety under Zin
  3120 | D:5      | Found an iron altar of Okawaru.
  3136 | D:5      | Noticed a sky beast
  3136 | D:5      | Reached skill level 8 in Axes
  3145 | D:5      | Killed a sky beast
  3145 | D:5      | Reached XP level 7. HP: 30/63 MP: 7/7
  3432 | D:5      | Found a staircase to the Ecumenical Temple.
  3436 | D:5      | Reached skill level 9 in Axes
  3941 | D:5      | Found a bloodstained altar of Trog.
  4227 | D:4      | Noticed Edmund
  4243 | D:4      | Killed Edmund
  4243 | D:4      | Reached XP level 8. HP: 60/73 MP: 8/8
  4316 | D:4      | Found a blossoming altar of Fedhas.
  4329 | D:4      | Reached skill level 10 in Axes
  4447 | D:4      | Noticed Purgy
  4455 | D:4      | Killed Purgy
  4785 | D:4      | Reached skill level 11 in Axes
  5474 | D:6      | Reached **** piety under Zin
  5738 | D:6      | Noticed a wyvern
  5743 | D:6      | Reached skill level 12 in Axes
  5743 | D:6      | Reached XP level 9. HP: 68/82 MP: 9/9
  6497 | D:6      | Noticed Sigmund
  6506 | D:6      | Killed Sigmund
  6604 | D:6      | Reached skill level 13 in Axes
  7082 | D:7      | Found a sacrificial altar of Ru.
  7268 | D:7      | Reached skill level 1 in Invocations
  7547 | D:7      | Reached skill level 10 in Fighting
  7893 | D:7      | Reached XP level 10. HP: 67/93 MP: 12/12
  8381 | D:8      | Reached skill level 5 in Invocations
  8383 | D:8      | Slain by a hornet

Skill      XL: |  1  2  3  4  5  6  7  8  9 10 |
---------------+-------------------------------+-----
Fighting       | 4 5 6 7 8 10 | 10.8
Axes           | 5 6 7 8 9 12 13 | 13.8
Invocations    | 3 5 |  5.1
Dodging        | |  2.6
Stealth        | |  1.8

Action                   |  1- 3 |  4- 6 |  7- 9 | 10-12 || total
-------------------------+-------+-------+-------+-------++-------
Melee: Hand axe          |    66 |   114 |   403 |    78 ||   661
Invok: Recite            |       |       |     2 |     1 ||     3
  Use: Potion            |       |     3 |     1 |     1 ||     5
       Scroll            |       |       |     2 |       ||     2
 Stab: Invisible         |       |     3 |       |       ||     3
       Confused          |       |       |     1 |       ||     1
  Eat: Chunk             |     1 |     5 |     5 |     1 ||    12
       Meat ration       |       |       |     2 |       ||     2
       Fruit             |       |       |     2 |       ||     2
Armor: Robe              |    10 |       |       |       ||    10
       Scale mail        |     7 |    36 |    47 |       ||    90
       Ring mail         |       |       |    44 |    18 ||    62
Dodge: Dodged            |    55 |    50 |   131 |    20 ||   256
